 Dungeon Crawl Stone Soup version 0.30.1-9-gdf580d7c3d (webtiles) character file.

Game seed: 15975900435444406578

161 leafyfresh the Digger (level 5, -6/31 HPs)
             Began as an Octopode Earth Elementalist on Oct 12, 2023.
             Mangled by an orc
             ... wielding a +0 flail
              (10 damage)
             ... on level 4 of the Dungeon on Oct 13, 2023.
             The game lasted 00:04:48 (2926 turns).

leafyfresh the Digger (Octopode Earth Elementalist) Turns: 2926, Time: 00:04:48

Health: -6/31      AC:  1    Str:  8    XL:     5   Next: 42%
Magic:  7/10       EV: 13    Int: 19    God:
Gold:   110        SH:  0    Dex: 12    Spells: 5/11 levels left

rFire   . . .        k - +2 quarterstaff (chaos)
rCold   . . .        (shield currently unavailable)
rNeg    . . .        (helmet restricted)
rPois   .            (no amulet)
rElec   .            (no ring)
rCorr   .            (no ring)
SInv    .            (no ring)
Will    .....        (no ring)
Stlth   +++          (no ring)
HPRegen 0.25/turn    (no ring)
MPRegen 0.12/turn    (no ring)
                     (no ring)

%: no passive effects
@: no status effects
A: almost no armour, amphibious, 8 rings, camouflage 1, gelatinous body 1,
(nimble swimmer 1), tentacles
a: no special abilities


You were on level 4 of the Dungeon.
You visited 1 branch of the dungeon, and saw 4 of its levels.

You collected 110 gold pieces.

Inventory:

Hand Weapons
 k - a +2 quarterstaff of chaos (weapon)
Armour
 e - a +0 buckler
Jewellery
 m - a +6 ring of intelligence
Wands
 n - a wand of light (2)
Scrolls
 f - 2 scrolls of identify {unknown}
 g - 2 scrolls of magic mapping {unknown}
 h - a scroll of noise {unknown}
 j - a scroll of immolation {unknown}
 l - 2 scrolls of amnesia {unknown}
 p - 2 scrolls of silence {unknown}
Potions
 a - a potion of magic
 b - 2 potions of curing
 c - a potion of brilliance {unknown}
 d - 5 potions of heal wounds {unknown}
 i - a potion of lignification {unknown}
 o - a potion of attraction {unknown}
 q - a potion of mutation {unknown}


   Skills:
 + Level 2.3 Dodging
 - Level 2.6 Stealth
 + Level 0.8 Shields
 + Level 3.7 Spellcasting
 - Level 1.0 Transmutations
 - Level 4.4 Earth Magic


You had 5 spell levels left.
You knew the following spells:

 Your Spells              Type           Power      Damage    Failure   Level
a - Sandblast             Erth           40%        2d10      2%          1
b - Passwall              Tmut/Erth      10%        N/A       7%          2
c - Stone Arrow           Conj/Erth      22%        3d8       17%         3

Your spell library contained the following spells:

 Spells                   Type           Power      Damage    Failure   Level
 Petrify                  Tmut/Erth      13%        N/A       43%         4


Dungeon Overview and Level Annotations

Branches:
Dungeon (4/15)
 Temple: D:4-7

Altars:

Shops:
D:1 [


Innate Abilities, Weirdness & Mutations

You cannot wear most types of armour.
You are amphibious.
You can wear up to eight rings at the same time.
Your skin changes colour to match your surroundings (Stealth+).
Your rubbery body absorbs attacks. (AC +1, EV +1)
((You are camouflaged when in or above water. (Stealth+)))
You have tentacles for arms and can constrict up to eight enemies at once.


Message History

You constrict the orc wizard, but do no damage.
The orc wizard hits you with a +4 dagger!
The orc barely misses you.
You are too injured to fight recklessly!
You are too injured to fight recklessly!
Unknown command.
Cast which spell? (? or * to list)
Aiming: Sandblast (safe; 2% risk of failure)
Press: ? - help, Shift-Dir - straight line, f - orc wizard
Aim: an orc wizard, wielding a +4 dagger and wearing a +0 robe (lightly wounded, constricted by you, 100% to hit)
The blast of sand hits the orc wizard.
The orc wizard is heavily wounded.
You constrict the orc wizard. The orc wizard barely misses you.
The orc hits you with a +0 hand axe. x2
* * * LOW HITPOINT WARNING * * *
The orc wizard misses you.
Casting: Sandblast (safe; 2% risk of failure)
Confirm with . or Enter, or press ? or * to list all spells.
Aiming: Sandblast (safe; 2% risk of failure)
Press: ? - help, Shift-Dir - straight line, f/p - orc wizard
Aim: an orc wizard, wielding a +4 dagger and wearing a +0 robe (heavily wounded, constricted by you, 100% to hit)
The blast of sand hits the orc wizard.
The orc wizard is almost dead.
You constrict the orc wizard. The orc wizard casts a spell at you.
The puff of flame misses you. The orc barely misses you.
Casting: Sandblast (safe; 2% risk of failure)
Confirm with . or Enter, or press ? or * to list all spells.
Aiming: Sandblast (safe; 2% risk of failure)
Press: ? - help, Shift-Dir - straight line, f/p - orc wizard
Aim: an orc wizard, wielding a +4 dagger and wearing a +0 robe (almost dead, constricted by you, 100% to hit)
The blast of sand hits the orc wizard!
You kill the orc wizard!
The orc hits you with a +0 hand axe.
* * * LOW HITPOINT WARNING * * *
Casting: Sandblast (safe; 2% risk of failure)
Confirm with . or Enter, or press ? or * to list all spells.
Okay, then.
The orc attacks as you move away! The orc hits you with a +0 flail!
You die... # ####.# #o@..# #o#### #. #. #. #. #. #.

You could see 2 orcs.

Vanquished Creatures
  Crazy Yiuf (D:2)
  An orc wizard (D:4)
  Robin (D:2)
  2 adders (D:2)
  A dart slug (D:1)
  An orc (D:3)
  7 bats
  2 endoplasms
  2 giant cockroaches (D:1)
  10 goblins
  16 hobgoblins
  4 jackals (D:1)
  2 kobolds (D:2)
  2 quokkas
  A ball python (D:1)
  3 frilled lizards
  4 rats
60 creatures vanquished.

Notes
Turn   | Place    | Note
-------+----------+-------------------------------------------
     0 | D:1      | leafyfresh the Octopode Earth Elementalist began the quest
                  | for the Orb.
     0 | D:1      | Reached XP level 1. HP: 11/11 MP: 3/3
   192 | D:1      | Reached XP level 2. HP: 15/17 MP: 0/5
   518 | D:1      | Reached XP level 3. HP: 12/21 MP: 0/6
   793 | D:1      | Found Idantex's Armour Emporium.
  1331 | D:2      | Reached skill level 4 in Earth Magic
  1331 | D:2      | Reached XP level 4. HP: 23/27 MP: 5/8
  1665 | D:2      | Noticed Robin
  1701 | D:2      | Killed Robin
  2060 | D:2      | Found a runed translucent door.
  2061 | D:2      | Noticed Crazy Yiuf
  2068 | D:2      | Killed Crazy Yiuf
  2069 | D:2      | Reached XP level 5. HP: 31/31 MP: 4/10
  2221 | D:2      | Learned a level 2 spell: Passwall
  2225 | D:2      | Learned a level 3 spell: Stone Arrow
  2665 | D:3      | Found a faded altar of an unknown god.
  2926 | D:4      | Mangled by an orc

Illustrated notes

Levels and vault maps discovered:
D:1:      wander_arrival_desolate, layout_basic, serial_shops,
          nicolae_shop_hallway_plus
D:2:      layout_loops_corners, patterned_corridor, uniq_robin,
          uniq_crazy_yiuf_cottage
D:3:      layout_basic, dreamdust_ecumenical_altar_angels_and_demons
D:4:      layout_loops_ring, mainiacjoe_overflow_alcove_1, vehumet_crystals,
          serial_shops, shop, uniq_blork_the_orc

Skill      XL: |  1  2  3 |
---------------+----------+-----
Spellcasting   | 3 |  3.7
Earth Magic    | 4 |  4.4
Dodging        | |  2.3
Stealth        | |  2.6
Shields        | |  0.8
Transmutations | |  1.0

Action                     |  1- 3 |  4- 6 || total
---------------------------+-------+-------++-------
  Melee: Unarmed           |    54 |    32 ||    86
         Tentacles         |    16 |     9 ||    25
         Constrict         |    16 |    13 ||    29
         Punch             |     2 |       ||     2
         Quarterstaff      |       |    13 ||    13
   Cast: Sandblast         |    24 |    15 ||    39
   Stab: Sleeping          |     7 |     7 ||    14
 Armour: Skin              |     5 |     3 ||     8
  Dodge: Dodged            |    46 |    31 ||    77
